 Dungeon Crawl Stone Soup version 0.22-a0-322-g60b3cfd (webtiles) character file.

654 Asafoetida the Sneak (level 7, -2/51 HPs)
             Began as a Demonspawn Assassin on Apr 4, 2018.
             Was an Initiate of Gozag.
             Slain by an ice beast (10 damage)
             ... on level 5 of the Dungeon.
             The game lasted 00:11:25 (4427 turns).

Asafoetida the Sneak (Demonspawn Assassin)          Turns: 4427, Time: 00:11:26

Health: -2/51      AC:  8    Str: 13    XL:     7   Next: 29%
Magic:  7/7        EV: 12    Int: 13    God:    Gozag
Gold:   278        SH:  4    Dex: 14    Spells: 6/6 levels left

rFire    . . .     SeeInvis .   a - +1 dagger (chaos)
rCold    . . .     Gourm    .   (no shield)
rNeg     + . .     Faith    .   m - +0 leather armour
rPois    .         Spirit   .   (no helmet)
rElec    .         Reflect  .   d - +0 cloak
rCorr    .         Harm     .   k - +0 pair of gloves
MR       +....                  p - +2 pair of boots
Stlth    +++.......             (no amulet)
HPRegen  0.17/turn              o - ring of positive energy
MPRegen  0.10/turn              s - ring of protection from magic

@: flying, drained
A: large bone plates 1, powered by death 2
a: Potion Petition, Call Merchant, Bribe Branch, Renounce Religion


You were on level 5 of the Dungeon.
You worshipped Gozag.
Gozag was aware of your devotion.
You were not hungry.

You visited 1 branch of the dungeon, and saw 5 of its levels.

You collected 394 gold pieces.
You paid 116 gold pieces to Gozag.

Inventory:

Hand Weapons
 a - a +1 dagger of chaos (weapon)
 b - a +0 blowgun
 u - a +2 dagger
Missiles
 e - 21 poisoned needles
Armour
 c - a +0 robe
 d - a +0 cloak (worn)
 k - a +0 pair of gloves (worn)
 m - a +0 leather armour (worn)
 p - a +2 pair of boots (worn)
Jewellery
 o - a ring of positive energy (left hand)
 s - a ring of protection from magic (right hand)
 t - an uncursed amulet of harm
Scrolls
 h - 3 scrolls of remove curse
 j - 2 scrolls of teleportation
 l - a scroll of enchant weapon {unknown}
 q - 4 scrolls of identify
 r - a scroll of fog
 v - a scroll of noise {unknown}
 w - a scroll of magic mapping {unknown}
Potions
 i - a potion of lignification {unknown}
 n - a potion of berserk rage {unknown}
Comestibles
 g - 6 rations


   Skills:
 + Level 2.6(2.4) Fighting
 * Level 4.2(4.0) Short Blades
 + Level 1.9(1.7) Throwing
 + Level 2.8(2.6) Armour
 + Level 2.7(2.6) Dodging
 * Level 5.7(5.5) Stealth


You had 6 spell levels left.
You didn't know any spells.

Dungeon Overview and Level Annotations

Branches:
Dungeon (5/15)
 Temple: D:4-7

Altars:
Gozag
Hepliaklqana
Ru
Xom

Annotations:
D:3 ShutUppercut's ghost, amateur GrBe


Innate Abilities, Weirdness & Mutations

You are partially covered in large bone plates. (SH +4)
You regenerate health from kills.


Message History

The ice beast hits you but does no damage.
You barely miss the ice beast.
The ice beast is lightly wounded.
Something hits you but does no damage. The ice beast hits you.
The ice beast freezes you!
You hit the ice beast.
The ice beast is lightly wounded.
The ice beast hits you. The ice beast freezes you!
* * * LOW HITPOINT WARNING * * *
Something hits you but does no damage.
You hit the ice beast. You drain the ice beast!
The ice beast is moderately wounded.
The ice beast closely misses you. Something hits you but does no damage.
It was a potion of flight.
You feel very buoyant.
You fly up into the air.
The ice beast hits you.
* * * LOW HITPOINT WARNING * * *
The ice beast freezes you!
You die...
Your body crumbles into a pile of gold.

... ... ... ##'####
#.....# #.....# .
#...Y.#....
#..@..'....
#.{##########
##..######...###....#
#..............#....#
#..............#....#
#...##..#####..#....#
#...##.$##.##..#....#
#...##.........#....#
.'..............#....#


You could see an ice beast (berserk).

Vanquished Creatures
  A phantom (D:4)
  An ogre (D:4)
  A howler monkey (D:4)
  A centaur zombie (D:5)
  A jelly (D:4)
  A hound (D:4)
  An orc priest (D:4)
  Jessica (D:3)
  2 worker ants
  2 gnolls
  7 adders
  An adder zombie (D:3)
  3 worms
  A dart slug (D:1)
  A leopard gecko (D:2)
  8 orcs
  5 giant cockroaches
  3 goblins
  4 hobgoblins
  13 jackals
  6 kobolds
  3 quokkas (D:3)
  3 ball pythons
  7 bats
  4 frilled lizards
  6 rats
87 creatures vanquished.

Vanquished Creatures (others)
  An ogre (D:4)
  An orc wizard (D:4)
2 creatures vanquished.

Grand Total: 89 creatures vanquished

Notes
Turn   | Place    | Note
-------+----------+-------------------------------------------
     0 | D:1      | Asafoetida the Demonspawn Assassin began the quest for the Orb.
     0 | D:1      | Reached XP level 1. HP: 16/16 MP: 1/1
    76 | D:1      | Reached skill level 4 in Stealth
   266 | D:1      | Gained mutation: You regenerate a little health from kills. [demonic ancestry]
   266 | D:1      | Reached XP level 2. HP: 22/22 MP: 2/2
   281 | D:1      | Reached skill level 1 in Dodging
   633 | D:2      | Gained mutation: You regenerate health from kills. [demonic ancestry]
   633 | D:2      | Reached XP level 3. HP: 27/27 MP: 3/3
   917 | D:2      | Reached XP level 4. HP: 33/33 MP: 4/4
  1268 | D:3      | Noticed ShutUppercut's ghost (amateur GrBe)
  1604 | D:3      | Found a hazy altar of Hepliaklqana.
  1873 | D:3      | Found a shimmering altar of Xom.
  1891 | D:3      | Noticed Jessica
  1892 | D:3      | Killed Jessica
  1892 | D:3      | Reached skill level 1 in Armour
  1899 | D:3      | Reached XP level 5. HP: 38/38 MP: 5/5
  2210 | D:4      | Noticed an ogre
  2233 | D:4      | Killed an ogre
  2233 | D:4      | Reached skill level 5 in Stealth
  2233 | D:4      | Reached XP level 6. HP: 32/44 MP: 6/6
  2448 | D:3      | HP: 2/44 [something (1)]
  3197 | D:4      | Found an opulent altar of Gozag.
  3218 | D:5      | Entered Level 5 of the Dungeon
  3487 | D:4      | Became a worshipper of Gozag Ym Sagoz the Greedy
  3667 | D:4      | Gained mutation: You are partially covered in large bone plates. (SH +4) [demonic ancestry]
  3667 | D:4      | Reached XP level 7. HP: 28/51 MP: 7/7
  3956 | D:4      | Found a sacrificial altar of Ru.
  4427 | D:5      | Slain by an ice beast

Vault maps used:
D:1:      dpeg_arrival_stonehenge_12_columns, minmay_split_cup_small
D:3:      tgw_xom, lemuel_round_altar, glass_columns_b, uniq_jessica
D:4:      nicolae_ru_the_path_less_chosen, nicolae_overflow_crystal_walls,
          first_ration, saegor_snake_ambush
D:5:      minmay_temple_entry_statues_fountains

Skill      XL: |  1  2  3  4  5  6 |
---------------+-------------------+-----
Stealth        | 4 5 |  5.7
Dodging        | 1 2 |  2.7
Short Blades   | 2 3 4 |  4.2
Armour         | 1 2 |  2.8
Fighting       | |  2.6
Throwing       | |  1.9

Action                   |  1- 3 |  4- 6 |  7- 9 || total
-------------------------+-------+-------+-------++-------
Melee: Dagger            |   121 |   276 |    85 ||   482
 Fire: Blowgun           |       |     4 |       ||     4
  Use: Scroll            |     1 |     5 |       ||     6
       Potion            |       |     3 |     1 ||     4
 Stab: Sleeping          |     4 |     7 |     3 ||    14
  Eat: Ration            |       |     2 |     1 ||     3
       Chunk             |       |     1 |       ||     1
Armor: Robe              |     3 |       |       ||     3
       Leather armour    |    46 |   107 |    27 ||   180
Dodge: Dodged            |    71 |   136 |    24 ||   231
Block: Other             |       |       |    14 ||    14

Table legend:
 A = Spawn XP
 B = Non-spawn XP
 C = Spawn XP percentage of total XP
 D = Spawn monster count
 E = Non-spawn monster count
 F = Spawn count percentage of total count
 G = Total turns spent on level
                    A         B        C        D         E        F      G
               +---------+---------+-------+---------+---------+-------+---------
         Total |       0 |     935 |   0.0 |       0 |      89 |   0.0 |  4427
               +---------+---------+-------+---------+---------+-------+---------
           D:1 |       0 |      21 |   0.0 |       0 |      12 |   0.0 |   561
           D:2 |       0 |     108 |   0.0 |       0 |      27 |   0.0 |   804
           D:3 |       0 |      91 |   0.0 |       0 |      20 |   0.0 |  1572
           D:4 |       0 |     627 |   0.0 |       0 |      25 |   0.0 |  1044
           D:5 |       0 |      88 |   0.0 |       0 |       5 |   0.0 |   446
               +---------+---------+-------+---------+---------+-------+---------
